AoeStats
← Ok Boomer

Nomad

509727257Analyzed
2v2 RM · 6d ago on Sep 27, 2026· 44m 12s· 4 players
Game mode
Random Map
Map size
176×176
Population
200
Speed
Normal
Resources
Standard
Victory
Conquest
Starting age
Dark Age
Ending age
Imperial Age
RankedLock teamsTeams togetherTeam positionsShared explorationLock speedFull tech treeHidden civsTurbo modeCheats
Victory
Defeat
🇺🇸 Malians · United States
1371
+15
🇺🇸 Mongols · United States
1369
+15
🇨🇭 Danes · Switzerland
1356
-15
🇨🇭 Koreans · Switzerland
1355
-15
Ok Boomer
4:44 Loom
11:59 Feudal Age
13:47 Fletching
13:50 Double-Bit Axe
13:51 Fishing Lines
23:21 Castle Age
23:45 Scale Mail Armor
24:15 Bodkin Arrow
26:43 Wheelbarrow
29:24 Chain Mail Armor
33:34 Forging
37:02 Squires
37:51 Gillnets
39:41 Horse Collar
41:49 Arson
45:08 Imperial Age
44:04 Crossbowman
BETTERGETLOOM
4:29 Loom
14:45 Feudal Age
15:35 Double-Bit Axe
19:01 Castle Age
17:34 Double-Bit Axe
18:58 Fletching
19:09 Padded Archer Armor
19:04 Gold Mining
21:17 Bow Saw
22:22 Stone Mining
22:46 Bodkin Arrow
27:09 Fishing Lines
27:29 Horse Collar
33:22 Heavy Plow
33:57 Wheelbarrow
36:37 Imperial Age
35:22 Ballistics
35:58 Leather Archer Armor
37:37 Bracer
40:45 Gillnets
41:19 Hand Cart
42:54 Ring Archer Armor
grevenluke
7:05 Loom
13:50 Feudal Age
18:58 Castle Age
17:59 Double-Bit Axe
20:01 Fletching
21:42 Bow Saw
24:26 Bodkin Arrow
26:42 Horse Collar
27:35 Heavy Plow
30:27 Forging
31:23 Padded Archer Armor
36:14 Imperial Age
34:18 Leather Archer Armor
35:00 Gold Mining
36:17 Husbandry
36:28 Bloodlines
37:14 Wheelbarrow
36:25 Town Watch
37:59 Ballistics
39:53 Gold Shaft Mining
40:12 Masonry
40:15 Bracer
43:41 Light Cavalry
JoshyMG
10:37 Loom
15:18 Feudal Age
15:44 Town Watch
16:19 Double-Bit Axe
16:17 Horse Collar
22:40 Castle Age
23:44 Bow Saw
26:26 Wheelbarrow
26:04 Man-at-Arms
27:14 Scale Mail Armor
26:52 Long Swordsman
28:15 Squires
30:14 Arson
36:24 Chain Mail Armor
37:31 Forging
44:00 Imperial Age
41:39 Stone Mining
42:30 Iron Casting
Connection lost

Rejoining the realm…

Still unreachable

The connection could not be restored.

Session expired

The server has moved on; the page needs a fresh start.